 Dungeon Crawl Stone Soup version 0.32-a0-960-g3814254bd7 (webtiles) character file.

Game seed: 7479671269184561877

45 trashops the Trooper (level 3, -7/33 HPs)
             Began as a Mountain Dwarf Fighter on Apr 17, 2024.
             Mangled by a gnoll
             ... wielding a +0 flail
              (9 damage)
             ... on level 2 of the Dungeon.
             The game lasted 00:01:35 (655 turns).

trashops the Trooper (Mountain Dwarf Fighter)        Turns: 655, Time: 00:01:36

Health: -7/33      AC:  7    Str: 20    XL:     3   Next: 42%
Magic:  3/3        EV:  8    Int:  8    God:
Gold:   53         SH:  4    Dex:  9    Spells: 2/2 levels left

rFire   . . .        a - +0 war axe
rCold   . . .        c - +0 buckler
rNeg    . . .        b - +0 scale mail
rPois   .            (no helmet)
rElec   .            (no cloak)
rCorr   .            (no gloves)
SInv    .            (no boots)
Will    .....        (no amulet) Stlth
                     (no ring)
HPRegen 0.25/turn    (no ring)
MPRegen 0.08/turn

%: no passive effects
@: no status effects
A: runic magic, artefact enchanting
a: no special abilities


You were on level 2 of the Dungeon.
You visited 1 branch of the dungeon, and saw 2 of its levels.

You collected 53 gold pieces.

Inventory:

Hand Weapons
 a - a +0 war axe (weapon)
Armour
 b - a +0 scale mail (worn)
 c - a +0 buckler (worn)
Scrolls
 h - a scroll of amnesia {unknown}
Potions
 d - a potion of might
 e - a potion of lignification {unknown}
 f - a potion of berserk rage {unknown}
 g - a potion of curing {unknown}


   Skills:
 * Level 3.8 Fighting
 * Level 3.2 Axes
 * Level 3.8 Armour
 + Level 3.5 Shields


You had 2 spell levels left.
You didn't know any spells.
Your spell library was empty.

Dungeon Overview and Level Annotations

Branches:
Dungeon (2/15)

Altars:


Innate Abilities, Weirdness & Mutations

Your spellcasting is much less encumbered by armour.
You can use scrolls of enchantment on lesser artefacts.


Message History

The gnoll is moderately wounded.
The gnoll barely misses you.
You closely miss the gnoll.
The gnoll is moderately wounded.
The gnoll hits you but does no damage. The gnoll barely misses you.
You hit the gnoll.
The gnoll is heavily wounded.
The gnoll hits you with a +0 spear.
You closely miss the gnoll.
The gnoll is heavily wounded.
The gnoll barely misses you.
You slash the gnoll!
You kill the gnoll!
You barely miss the kobold. The kobold barely misses you.
The kobold hits you with a +0 dagger.
You slash the kobold!
You kill the kobold!
The jackal bites you.
You closely miss the jackal. The jackal closely misses you.
The jackal misses you.
You miss the jackal. You block the jackal's attack.
The jackal bites you but does no damage.
You barely miss the jackal. The jackal barely misses you.
You block the jackal's attack.
You completely miss the jackal.
The jackal bites you but does no damage. x2
You hit the jackal.
The jackal is almost dead.
The jackal closely misses you. You block the jackal's attack.
You slash the jackal!
You kill the jackal!
The gnoll hits you with a +0 flail!
* * * LOW HITPOINT WARNING * * *
You closely miss the gnoll. The gnoll hits you but does no damage.
You hit the gnoll but do no damage. The gnoll hits you with a +0 flail!
* * * LOW HITPOINT WARNING * * *
The gnoll closely misses you.
There is a stone staircase leading up here.
The gnoll hits you with a +0 flail!
You die...

.##g#.#
#h#
K.K.#%#
#.#
.####.#
#h#
......#
#.#
.#######
#h######
g..gg..#
#hh....#
..K.##.#
######K#
....##.#
#g#
....w.w#
#@#
....#..#
#.#
.......#
..#
....#.##
####
##.##.#
.#.##.#
.#.##.#
.#.##.#
.#.##.#


You could see a gnoll and a kobold.

Vanquished Creatures
  A gnoll (D:2)
  3 bats
  3 hobgoblins (D:1)
  13 jackals
  2 quokkas (D:1)
  A ball python (D:1)
  2 frilled lizards (D:1)
  2 kobolds
  4 rats
31 creatures vanquished.

Notes
Turn   | Place    | Note
-------+----------+-------------------------------------------
     0 | D:1      | trashops the Mountain Dwarf Fighter began the quest for the
                  | Orb.
     0 | D:1      | Reached XP level 1. HP: 19/19 MP: 1/1
   191 | D:1      | Reached XP level 2. HP: 26/26 MP: 2/2
   488 | D:1      | You fall into a shaft and drop 1 floor!
   524 | D:2      | Found a faded altar of an unknown god.
   631 | D:1      | Reached XP level 3. HP: 33/33 MP: 3/3
   653 | D:2      | HP: 1/33 [gnoll/+0 flail (8)]
   655 | D:2      | Mangled by a gnoll

Illustrated notes

Levels and vault maps discovered:
D:1:      matt_arrival_spirals, layout_basic
D:2:      wad_pebble_path, layout_loops_ring, basic_ecumenical_altar,
          feat_on_display

Skill      XL: |  1  2 |
---------------+-------+-----
Axes           | 3 |  3.2
Fighting       | |  3.8
Armour         | |  3.8
Shields        | |  3.5

Action                     || total
---------------------------++-------
  Melee: War axe           ||    89
 Armour: Scale mail        ||   101
  Dodge: Dodged            ||    77
  Block: Buckler           ||    36

Table legend: (Time is in decaauts)
 A = Elapsed time spent in this place.
 B = Non-inter-level travel time spent in this place.
 C = Inter-level travel time spent in this place.
 D = Time resting spent in this place.
 E = Time spent auto-exploring this place.
 F = Levels seen in this place.
 G = Mean time per level.
                   A        B        C        D        E       F      G
               +--------+--------+--------+--------+--------+-----+--------+
         Total |    690 |    690 |      0 |      0 |    425 |   2 |  345.0 |
       Dungeon |    690 |    690 |      0 |      0 |    425 |   2 |  345.0 |
               +--------+--------+--------+--------+--------+-----+--------+

Top non-repeatable levels by time:
     D:1: 516 daAuts
     D:2: 173 daAuts
